Map: 国王藏宝地-天梯版

Players

MaSa

  • Race: Terran Terran
  • League: Gold

Serral - Winner!

  • Race: Zerg Zerg

Event: WESG 2018 Grand Finals

VOD

Have the link to the VOD?

Description

Time

  • Played on: March 11, 2019, 1:56 a.m.
  • Length: 3:15

All games in this series

Show
View Real Time Build Order
Export as new Build Order

MaSa Terran 

Build Orders:  

Get SALT Encoding   

  12  0:00  SCV  
  13  0:13  SCV  
  14  0:18  Supply Depot  
  14  0:25  SCV  
  15  0:41  Barracks  
  15  0:53  Barracks  
  15  1:07  Barracks  
  15  1:11  SCV  
  16  1:28  Marine  
  17  1:32  Barracks  
  17  1:40  Marine  
  17  1:43  Orbital Command  
  18  1:48  Marine  
  18  1:54  Marine  
  20  2:02  Supply Depot  
  20  2:05  Marine  
  21  2:09  Marine  
  21  2:12  Marine  
  23  2:23  Marine x2  
  23  2:27  Supply Depot  
  25  2:39  Marine  
  25  2:43  Marine x2  
Show
View Real Time Build Order
Export as new Build Order

Serral Zerg - Winner!

Build Orders: Pool First 

Get SALT Encoding   

  12  0:00  Drone  
  13  0:12  Overlord  
  13  0:18  Drone  
  14  0:31  Drone x2  
  16  0:41  Spawning Pool  
  15  0:46  Drone  
  15  0:49  Drone  
  17  1:11  Hatchery  
  16  1:13  Drone  
  17  1:31  Zergling x6  
  17  1:32  Queen  
  20  1:36  Extractor  
  21  1:41  Overlord  
  22  1:54  Drone  
  22  2:05  Drone  
  22  2:08  Queen  
  23  2:14  Drone  
  26  2:23  Queen  
  26  2:26  Zergling x4  
  30  2:31  Spine Crawler  
  29  2:38  Zergling x4  
  32  2:44  Zergling x6  
  32  2:48  Zergling x2  
  34  2:53  Zergling x2  
  34  2:57  Zergling x2  
Tags
 
Add a new tag
Caveats
  • Supply blocks, unpowered buildings, or Contaminate may cause inaccurate times.
  • Supply counts are checked every 10 seconds.